 Dungeon Crawl Stone Soup version 0.29-a0-234-g0dae59b3db (webtiles) character file.

Game seed: 11477063232592223121

16 spaghetti the Skirmisher (level 2, 6/22 HPs)
             Began as an Octopode Fighter on Mar 3, 2022.
             Quit the game on level 2 of the Dungeon.
             The game lasted 00:00:26 (311 turns).

spaghetti the Skirmisher (Octopode Fighter)          Turns: 311, Time: 00:00:26

Health: 6/22       AC:  1    Str: 15    XL:     2   Next: 54%
Magic:  2/2        EV: 13    Int: 10    God:
Gold:   29         SH:  4    Dex: 11    Spells: 1/1 levels left

rFire   . . .      SeeInvis .   a - +0 long sword {long}
rCold   . . .      Faith    .   b - +0 buckler
rNeg    . . .      Spirit   .   (helmet restricted)
rPois   .          Reflect  .   (no amulet)
rElec   .          Harm     .   (no ring)
rCorr   .          Rampage  .   (no ring)
Will    .....                   (no ring)
Stlth   ++........              (no ring)
HPRegen 0.07/turn               (no ring)
MPRegen 0.08/turn               (no ring)
                                (no ring)
                                (no ring)

@: mighty, lethally poisoned (6 -> 0)
A: almost no armour, amphibious, 8 rings, camouflage 1, gelatinous body 1,
(nimble swimmer 1), tentacles
a: no special abilities


You were on level 2 of the Dungeon.
You visited 1 branch of the dungeon, and saw 2 of its levels.

You collected 29 gold pieces.


Innate Abilities, Weirdness & Mutations

You cannot wear most types of armour.
You are amphibious.
You can wear up to eight rings at the same time.
Your skin changes colour to match your surroundings (Stealth+).
Your rubbery body absorbs attacks. (AC +1, EV +1)
((You are camouflaged when in or above water. (Stealth+)))
You have tentacles for arms and can constrict up to eight enemies at once.


   Skills:
 + Level 3.8 Fighting
 - Level 2.0 Long Blades
 - Level 3.0 Dodging
 - Level 3.0 Shields


You had one spell level left.
You didn't know any spells.
Your spell library was empty.

Inventory:

Hand Weapons
 a - a +0 long sword (weapon) {long}
Missiles
 d - 7 stones (quivered) {throwing}
Armour
 b - a +0 buckler (worn)

Dungeon Overview and Level Annotations

Branches:
Dungeon (2/15)

Altars:

# # ##≈...# #
##≈...# # ###...# #
## ###≈...# # ≈###
####l...# # .≈≈###
####≈≈..## ##
..≈≈#######≈≈)..#
.##...≈≈#####≈≈.@.#
..##...≈≈≈#≈≈≈...##
#..##...........##
##..##.........##
##..###..†..###
##..###'''###
##.......#
#########


You could see a frilled lizard.


Message History

(D) Dungeon
Where to? (? - help)
There is a stone staircase leading down here.
You climb downwards.
There is a stone staircase leading up here.
Unknown command.
Unknown command.
A ball python comes into view.
A ball python is nearby!
A ball python is nearby!
A ball python is nearby!
The helpless ball python fails to defend itself.
You hit the ball python. You grab the ball python.
You constrict the ball python.
You kill the ball python!
No target in view!
No target in view!
No target in view!
No target in view!
No target in view!
Found a stone staircase leading down.
You now have 29 gold pieces (gained 10).
Key pressed, stopping explore.
You open the gate.
A rat and a ball python come into view.
The ball python hisses angrily.
The ball python bites you. The ball python misses you.
There is an open gate here. 😕 HP[-3]
You take 3 damage, and now have 13/16 hp.
You hit the ball python.
You kill the ball python!
You hit the rat. Your grab misses the rat. You block the rat's attack.
The rat bites you but does no damage.
You closely miss the rat. You grab the rat. You constrict the rat.
You kill the rat!
No target in view!
No target in view!
No target in view!
No target in view!
No target in view!
No target in view!
No target in view!
No target in view!
No target in view!
No target in view!
No target in view!
A goblin comes into view. It is wielding a +0 dagger. 😎 HP[+3]
Your hp is fully restored (16).
A goblin is nearby!
The goblin shouts!
An adder comes into view.
The adder hisses angrily.
You slash the goblin!
You kill the goblin!
A frilled lizard comes into view.
You have reached level 2! 😎 HP[+5] MP[+1]
You now have 21 max hp (+5).
Your hp is fully restored (21).
Your mp is fully restored (2).
You see here a scroll labelled XUOMNE XIEFU.
e - a scroll labelled XUOMNE XIEFU
As you read the scroll labelled XUOMNE XIEFU, it crumbles to dust.
It is a scroll of identify.
You don't have any unidentified items.
The adder bites you. 😕 HP[-4]
You take 4 damage, and now have 17/21 hp.
The frilled lizard hisses angrily.
You hit the adder. Your grab misses the adder. The adder bites you.
You are poisoned.
The adder poisons you! The adder barely misses you. 😮 HP[-3]
You take 3 damage, and now have 14/21 hp.
You closely miss the adder. Your grab misses the adder.
You feel sick. The adder bites you.
* * * LOW HITPOINT WARNING * * *
You are lethally poisoned!
The adder poisons you! You block the adder's attack. 😨 HP[-4]
You take 4 damage, and now have 10/21 hp.
You feel very mighty all of a sudden.
* * * LOW HITPOINT WARNING * * *
You feel sick. The adder barely misses you. 😨 HP[-2]
You take 2 damage, and now have 8/21 hp.
You barely miss the adder. Your grab misses the adder. You squeeze the adder!
You kill the adder!
* * * LOW HITPOINT WARNING * * *
You feel very sick. 😨 HP[-2]
You now have 22 max hp (+1).
You take 2 damage, and now have 6/22 hp.
There is a lethal amount of poison in your body!
You are mighty.
You are lethally poisoned (6 -> 0).
You have 4 tentacles available for constriction.
Your movement speed is average.
Your attack delay is about 1.3.
Are you sure you want to abandon this character and quit the game? (Confirm with "yes".)

Action                   || total
-------------------------++-------
Melee: Long sword        ||    12
       Constrict         ||     3
       Tentacles         ||     2
  Use: Scroll            ||     1
       Potion            ||     1
 Stab: Sleeping          ||     1
Armor: Skin              ||     1
Dodge: Dodged            ||     6
Block: Buckler           ||     3

Levels and vault maps discovered:
D:1:      nagdon_arrival_zigzag_paths, layout_loops_corners,
          ebering_ecumenical_altar_petrified
D:2:      layout_loops_cross, kennysheep_donut, minmay_pentomino_u4,
          uniq_natasha

Notes
Turn   | Place    | Note
-------+----------+-------------------------------------------
     0 | D:1      | spaghetti the Octopode Fighter began the quest for the Orb.
     0 | D:1      | Reached XP level 1. HP: 16/16 MP: 1/1
     0 | D:1      | magus.rc [v1.9.6]
   304 | D:2      | Reached XP level 2. HP: 21/21 MP: 2/2
   311 | D:2      | Quit the game

Vanquished Creatures
  An adder (D:2)
  2 goblins
  A hobgoblin (D:1)
  2 ball pythons (D:2)
  A rat (D:2)
7 creatures vanquished.

Table legend:
 A = Non-vault XP
 B = Vault XP
 C = Vault XP percentage of total XP
 D = Non-vault monster count
 E = Vault monster count
 F = Vault count percentage of total count
                 A         B        C        D         E       F
            +---------+---------+-------+---------+---------+-------
      Total |      23 |       0 |   0.0 |       7 |       0 |   0.0
            +---------+---------+-------+---------+---------+-------
        D:1 |       4 |       0 |   0.0 |       2 |       0 |   0.0
        D:2 |      19 |       0 |   0.0 |       5 |       0 |   0.0
            +---------+---------+-------+---------+---------+-------

Illustrated notes

Table legend:
 A = Kills in this place as a percentage of kills in entire the game.
 B = Kills by you in this place as a percentage of kills by you in the entire game.
 C = Kills by friends in this place as a percentage of kills by friends in the entire game.
 D = Other kills in this place as a percentage of other kills in the entire game.
 E = Experience gained in this place as a percentage of experience gained in the entire game.
 F = Experience gained in this place divided by the number of levels of this place that you have seen.
                   A       B       C       D       E      F
               +-------+-------+-------+-------+-------+----------------------
         Total | 100.0 | 100.0 |   N/A |   N/A | 100.0 |  11.5
       Dungeon | 100.0 | 100.0 |   N/A |   N/A | 100.0 |  11.5
               +-------+-------+-------+-------+-------+----------------------

Table legend: (Time is in decaauts)
 A = Elapsed time spent in this place.
 B = Non-inter-level travel time spent in this place.
 C = Inter-level travel time spent in this place.
 D = Time resting spent in this place.
 E = Time spent auto-exploring this place.
 F = Levels seen in this place.
 G = Mean time per level.
                   A        B        C        D        E       F      G
               +--------+--------+--------+--------+--------+-----+--------+
         Total |    314 |    308 |      6 |      0 |    272 |   2 |  157.0 |
       Dungeon |    314 |    308 |      6 |      0 |    272 |   2 |  157.0 |
               +--------+--------+--------+--------+--------+-----+--------+

Top non-repeatable levels by time:
     D:1: 196 daAuts
     D:2: 118 daAuts
